 Dungeon Crawl Stone Soup version 0.24.0-13-gcf9b319 (webtiles) character file.

Game seed: 5518788395756044846, levelgen mode: deterministic

247 Bronimir the Chiller (level 6, -1/44 HPs)
             Began as a Human Ice Elementalist on Mar 5, 2020.
             Was an Initiate of Kikubaaqudgha.
             Slain by Grinder (8 damage)
             ... while paralysed by Grinder
             ... on level 3 of the Dungeon.
             The game lasted 00:09:39 (3903 turns).

Bronimir the Chiller (Human Ice Elementalist)       Turns: 3903, Time: 00:09:40

Health: -1/44      AC:  4    Str:  9    XL:     6   Next: 34%
Magic:  10/10      EV:  2    Int: 14    God:    Kikubaaqudgha [......]
Gold:   179        SH:  0    Dex: 14    Spells: 4/10 levels left

rFire    . . .     SeeInvis .   b - +0 hunting sling
rCold    . . .     Gourm    .   (no shield)
rNeg     . . .     Faith    .   h - +0 robe
rPois    .         Spirit   .   (no helmet)
rElec    .         Reflect  .   (no cloak)
rCorr    .         Harm     .   (no gloves)
MR       .....                  (no boots)
Stlth    ++........             (no amulet)
HPRegen  0.14/turn              (no ring)
MPRegen  0.12/turn              (no ring)

@: paralysed
A: yellow scales 1, dopey 1
a: Renounce Religion


You were on level 3 of the Dungeon.
You worshipped Kikubaaqudgha.
Kikubaaqudgha was noncommittal.
You were hungry.

You visited 1 branch of the dungeon, and saw 3 of its levels.

You collected 179 gold pieces.

Inventory:

Hand Weapons
 a - a +0 whip of draining
 b - a +0 hunting sling (weapon)
 d - a +0 short sword
 g - a +0 spear
 r - a +0 short sword of flaming
Missiles
 e - 29 sling bullets (quivered)
 f - 49 arrows
 p - 67 stones
 q - 20 bolts
Armour
 h - a +0 robe (worn)
 s - a +0 ring mail
Jewellery
 n - an uncursed amulet of magic regeneration
Scrolls
 i - 4 scrolls of identify
 l - a scroll of teleportation
 o - a scroll of fog {unknown}
 t - a scroll of enchant weapon {unknown}
Comestibles
 c - 9 rations


   Skills:
 * Level 1.7 Fighting
 + Level 0.7 Maces & Flails
 + Level 0.1 Polearms
 + Level 0.1 Throwing
 * Level 1.7 Armour
 + Level 2.5 Dodging
 - Level 2.0 Stealth
 + Level 2.9 Spellcasting
 * Level 1.7 Conjurations
 + Level 1.4 Charms
 * Level 0.5 Necromancy
 + Level 4.2 Ice Magic


You had 4 spell levels left.
You knew the following spells:

 Your Spells              Type           Power        Failure   Level  Hunger
a - Freeze                Ice            ##..         3%          1    #......
b - Throw Frost           Conj/Ice       ##....       10%         2    ##.....
c - Ozocubu's Armour      Chrm/Ice       #.......     21%         3    ###....

Your spell library contained the following spells:

 Spells                   Type           Power        Failure   Level  Hunger
 Throw Icicle             Conj/Ice       ##......     54%         4    #####..
 Summon Ice Beast         Ice/Summ       #.......     65%         4    #####..


Dungeon Overview and Level Annotations

Branches:
Dungeon (3/15)

Altars:
Dithmenos
Kikubaaqudgha
The Shining One

Annotations:
D:3 Grinder


Innate Abilities, Weirdness & Mutations

You are partially covered in yellow scales. (AC +2)
You are dopey. (Int -2)


Message History

[Y]es or [N]o only, please.
Really target yourself? [Y]es or [N]o only, please.
Really target yourself? [Y]es or [N]o only, please.
Really target yourself? [Y]es or [N]o only, please.
Really target yourself?
Okay, then.
Grinder gestures at you.
You suddenly lose the ability to move!
Grinder gestures at you. You resist with significant effort. Grinder hits you!
* * * LOW HITPOINT WARNING * * *
You writhe in agony.
* * * LOW HITPOINT WARNING * * *
Grinder hits you!
You die...
Kikubaaqudgha rasps: "You have failed me!
Welcome... death!"

#.# ##### #.# #.... .#.#K.. #.#
#.### .#....# #.# ##### #.# #
.#....#####'###...######## #.# #
.#...[#..((.(.÷.#........####.# #
.#....#..(.((..####.####......# #
......#..((.(.(####...÷######.# #
.#####....#(.(.5@.#.........#.# #
........#########.######....#.#
........# #.#...b####.#.#
........#########.#......5..#.#
..................#.####....#.#
................#.#÷...######.#
#######.#######.#.#.........#.###
.# #.#.......#<######....#.... .#
#.#.#####.#......####.#.###


You could see Grinder.

Vanquished Creatures
  A scorpion (D:3)
  An orc wizard (D:3)
  An orc priest (D:3)
  A gnoll (D:1)
  5 adders
  An adder skeleton (D:2)
  4 worms
  5 dart slugs
  A leopard gecko (D:3)
  An orc (D:3)
  4 giant cockroaches
  6 goblins
  7 hobgoblins
  A quokka (D:2)
  A ball python (D:2)
  7 bats
  4 frilled lizards
  7 kobolds
  8 rats
66 creatures vanquished.

Notes
Turn   | Place    | Note
-------+----------+-------------------------------------------
     0 | D:1      | Bronimir the Human Ice Elementalist began the quest for the
                  | Orb.
     0 | D:1      | Reached XP level 1. HP: 13/13 MP: 3/3
    79 | D:1      | Reached XP level 2. HP: 9/19 MP: 0/5
   583 | D:1      | Reached XP level 3. HP: 12/25 MP: 0/6
   745 | D:1      | Learned a level 2 spell: Throw Frost
   749 | D:1      | Learned a level 3 spell: Ozocubu's Armour
  1549 | D:2      | Reached XP level 4. HP: 23/31 MP: 2/7
  1551 | D:2      | Reached skill level 1 in Armour
  1653 | D:2      | Reached skill level 4 in Ice Magic
  2304 | D:2      | Reached XP level 5. HP: 36/36 MP: 5/8
  2554 | D:2      | Found a glowing golden altar of the Shining One.
  2555 | D:2      | Found an ancient bone altar of Kikubaaqudgha.
  2557 | D:2      | Found a shadowy altar of Dithmenos.
  2596 | D:2      | Became a worshipper of Kikubaaqudgha
  2957 | D:3      | Reached skill level 1 in Fighting
  2966 | D:3      | Reached skill level 1 in Charms
  3141 | D:3      | Noticed Grinder
  3508 | D:3      | Reached XP level 6. HP: 40/44 MP: 0/10
  3843 | D:3      | Paralysed by Grinder for 6 turns
  3851 | D:3      | Gained mutation: You are dopey. (Int -2) [potion of
                  | mutation]
  3851 | D:3      | Gained mutation: You are partially covered in yellow
                  | scales. (AC +2) [potion of mutation]
  3887 | D:3      | Paralysed by Grinder for 4 turns
  3898 | D:3      | Paralysed by Grinder for 6 turns
  3903 | D:3      | Slain by Grinder

Levels and vault maps discovered:
D:1:      lemuel_arrival_behind_the_door_small, layout_rooms
D:2:      layout_basic, grunt_temple_overflow_open
D:3:      minmay_angry_zag, layout_basic, first_ration, serial_bayou_lagoon_a,
          uniq_grinder

Skill      XL: |  1  2  3  4  5 |
---------------+----------------+-----
Armour         | 1 |  1.7
Ice Magic      | 4 |  4.2
Fighting       | 1 |  1.7
Charms         | 1 |  1.4
Maces & Flails | |  0.7
Polearms       | |  0.1
Throwing       | |  0.1
Dodging        | |  2.5
Stealth        | |  2.0
Spellcasting   | |  2.9
Conjurations   | |  1.7
Necromancy     | |  0.5

Action                   |  1- 3 |  4- 6 || total
-------------------------+-------+-------++-------
Melee: Short sword       |    11 |       ||    11
       Spear             |    23 |       ||    23
       Whip              |    30 |    88 ||   118
 Fire: Hunting sling     |       |    29 ||    29
Throw: Stone             |       |     2 ||     2
 Cast: Freeze            |    31 |    67 ||    98
       Ozocubu's Armour  |     2 |     8 ||    10
  Use: Scroll            |       |     3 ||     3
       Potion            |       |     4 ||     4
 Stab: Sleeping          |     1 |     3 ||     4
  Eat: Ration            |     1 |       ||     1
       Chunk             |       |     8 ||     8
Armor: Robe              |    12 |    45 ||    57
       Skin              |       |    15 ||    15
Dodge: Dodged            |    66 |    93 ||   159
